| TOP OF THE 1ST |
|
Pawtucket Red Sox batting - Pitching for Columbus Clippers : RHP Roberto Reyes
|
|
Pitching: RHP Roberto Reyes
|
|
|
Batting: RHB Matt Hinkle
|
0-0: Called Strike 0-1: Ball 1-1: Swinging Strike 1-2: Foul Ball, location: 2F 1-2: Ball 2-2: Ball 3-2: Foul Ball, location: 2F 3-2: Base on Balls
|
|
Batting: RHB Tony Nunez
|
0-0: Ball 1-0: Foul Ball, location: 2F 1-1: Ball 2-1: Called Strike 2-2: Foul Ball, location: 2F 2-2: Ball 3-2: Fly out, F8 (Flyball, 8LD, EV 81.2 MPH)
|
|
Batting: RHB Dave Burwell
|
0-0: Ball 1-0: Grounds into double play, 5-4-3 (Groundball, 56, EV 101.2 MPH)
|
| Top of the 1st over - 0 runs, 0 hits, 0 errors, 0 left on base; Pawtucket 0 - Columbus 0 |
| BOTTOM OF THE 1ST |
|
Columbus Clippers batting - Pitching for Pawtucket Red Sox : RHP Justin Swenson
|
|
Pitching: RHP Justin Swenson
|
|
|
Batting: RHB Jason Sher
|
0-0: Ground out 5-3 (Groundball, 5S, EV 63.8 MPH)
|
|
Batting: LHB Jesus Lozano
|
0-0: Ball 1-0: Ball 2-0: Ball 3-0: Base on Balls
|
|
Batting: RHB Eddie LaRose
|
0-0: SINGLE (Groundball, 3D, EV 94.4 MPH) Jesus Lozano to second Runner from 2nd tries for 3rd, SAFE, throw by RF made to third
|
|
Batting: LHB Zion Davidson
|
0-0: Ball 1-0: Called Strike Eddie LaRose is caught stealing 2nd base 2-6 1-1: Fly out, F8 (Flyball, 8LS, EV 91.2 MPH)
|
| Bottom of the 1st over - 0 runs, 1 hit, 0 errors, 1 left on base; Pawtucket 0 - Columbus 0 |
| TOP OF THE 2ND |
|
Pawtucket Red Sox batting - Pitching for Columbus Clippers : RHP Roberto Reyes
|
|
Batting: LHB David Moore
|
0-0: Ball 1-0: Called Strike 1-1: Fly out, F3 (Popup, 3S, EV 66.2 MPH)
|
|
Batting: RHB Rodolfo Contreras
|
0-0: Ball 1-0: Ball 2-0: Ball 3-0: Base on Balls
|
|
Batting: LHB Frank Olivo
|
0-0: Ball Rodolfo Contreras is caught stealing 2nd base 2-6 1-0: Foul Ball, location: 2F 1-1: Ball 2-1: Ball 3-1: Ground out 6-3 (Groundball, 6, EV 103.1 MPH)
|
| Top of the 2nd over - 0 runs, 0 hits, 0 errors, 0 left on base; Pawtucket 0 - Columbus 0 |
| BOTTOM OF THE 2ND |
|
Columbus Clippers batting - Pitching for Pawtucket Red Sox : RHP Justin Swenson
|
|
Batting: RHB Mike Quackenbush
|
0-0: DOUBLE (Flyball, 89XD, EV 103.8 MPH)
|
|
Batting: RHB Kyle Scruggs
|
0-0: Ball Wild Pitch! Mike Quackenbush to third 1-0: Ground out 1-3 (Groundball, 13, EV 70.0 MPH)
|
|
Batting: RHB Rick O'Reilly
|
0-0: Called Strike 0-1: Ball 1-1: Foul Ball, location: 2F 1-2: Foul Ball, location: 2F 1-2: Ball 2-2: Foul Ball, location: 2F 2-2: Foul Ball, location: 2F 2-2: Ball 3-2: SINGLE (Groundball, 6MD, EV 108.1 MPH) Mike Quackenbush scores
|
|
Batting: RHB George Wagner
|
0-0: Called Strike 0-1: Ball Rick O'Reilly steals 2nd base (no throw) 1-1: Foul Ball, location: 2F 1-2: Foul Ball, location: 2F 1-2: Ball 2-2: Ground out 3-1 (Groundball, 34S, EV 91.2 MPH) Rick O'Reilly to third
|
|
Batting: RHB Justin Ganey
|
0-0: Ball 1-0: Called Strike 1-1: Foul Ball, location: 2F 1-2: SINGLE (Line Drive, 78S, EV 99.4 MPH) Rick O'Reilly scores
|
|
Batting: RHB Jason Sher
|
0-0: Ball Justin Ganey is caught stealing 2nd base 2-4
|
| Bottom of the 2nd over - 2 runs, 3 hits, 0 errors, 0 left on base; Pawtucket 0 - Columbus 2 |
| TOP OF THE 3RD |
|
Pawtucket Red Sox batting - Pitching for Columbus Clippers : RHP Roberto Reyes
|
|
Batting: RHB Joe Sandoval
|
0-0: Foul Ball, location: 2F 0-1: Swinging Strike 0-2: Foul Ball, location: 2F 0-2: Foul Ball, location: 2F 0-2: Strikes out swinging
|
|
Batting: RHB Brandon Perris
|
0-0: SOLO HOME RUN (Flyball, 7D, EV 103.1 MPH), Distance : 380 ft
|
|
Batting: RHB Joe Evrard
|
0-0: Foul Ball, location: 2F 0-1: Called Strike 0-2: Ball 1-2: Strikes out swinging
|
|
Batting: RHB Matt Hinkle
|
0-0: Fly out, F8 (Flyball, 78M, EV 88.8 MPH)
|
| Top of the 3rd over - 1 run, 1 hit, 0 errors, 0 left on base; Pawtucket 1 - Columbus 2 |
| BOTTOM OF THE 3RD |
|
Columbus Clippers batting - Pitching for Pawtucket Red Sox : RHP Justin Swenson
|
|
Batting: RHB Jason Sher
|
0-0: Ball 1-0: Ball 2-0: Ball 3-0: Called Strike 3-1: Foul Ball, location: 2F 3-2: Foul Ball, location: 2F 3-2: Strikes out swinging
|
|
Batting: LHB Jesus Lozano
|
0-0: Ball 1-0: Ball 2-0: Fly out, F7 (Flyball, 7S, EV 87.5 MPH)
|
|
Batting: RHB Eddie LaRose
|
0-0: Ball 1-0: Foul Ball, location: 2F 1-1: Called Strike 1-2: Fly out, F8 (Line Drive, 8LD, EV 108.8 MPH)
|
| Bottom of the 3rd over - 0 runs, 0 hits, 0 errors, 0 left on base; Pawtucket 1 - Columbus 2 |
| TOP OF THE 4TH |
|
Pawtucket Red Sox batting - Pitching for Columbus Clippers : RHP Roberto Reyes
|
|
Batting: RHB Tony Nunez
|
0-0: Fly out, F9 (Flyball, 9, EV 93.1 MPH)
|
|
Batting: RHB Dave Burwell
|
0-0: Swinging Strike 0-1: Ball 1-1: Swinging Strike 1-2: Ball 2-2: Strikes out swinging
|
|
Batting: LHB David Moore
|
0-0: Called Strike 0-1: Ball 1-1: Ball 2-1: Foul Ball, location: 2F 2-2: SINGLE (Line Drive, 9S, EV 100.6 MPH)
|
|
Batting: RHB Rodolfo Contreras
|
0-0: Called Strike 0-1: Foul Ball, location: 2F 0-2: Foul Ball, location: 2F 0-2: Ball 1-2: Foul Ball, location: 2F 1-2: Strikes out swinging
|
| Top of the 4th over - 0 runs, 1 hit, 0 errors, 1 left on base; Pawtucket 1 - Columbus 2 |
| BOTTOM OF THE 4TH |
|
Columbus Clippers batting - Pitching for Pawtucket Red Sox : RHP Justin Swenson
|
|
Batting: LHB Zion Davidson
|
0-0: Swinging Strike 0-1: Ball 1-1: Swinging Strike 1-2: Foul Ball, location: 2F 1-2: Ball 2-2: Strikes out swinging
|
|
Batting: RHB Mike Quackenbush
|
0-0: SINGLE (Groundball, 13S, EV 63.1 MPH) (infield hit)
|
|
Batting: RHB Kyle Scruggs
|
0-0: Ball Mike Quackenbush is caught stealing 2nd base 2-4 1-0: Ground out 6-3 (Groundball, 6, EV 86.9 MPH)
|
| Bottom of the 4th over - 0 runs, 1 hit, 0 errors, 0 left on base; Pawtucket 1 - Columbus 2 |
| TOP OF THE 5TH |
|
Pawtucket Red Sox batting - Pitching for Columbus Clippers : RHP Roberto Reyes
|
|
Batting: LHB Frank Olivo
|
0-0: Ball 1-0: Foul Ball, location: 2F 1-1: SINGLE (Groundball, 34D, EV 106.2 MPH)
|
|
Batting: RHB Joe Sandoval
|
0-0: Swinging Strike 0-1: Ball 1-1: Ball 2-1: Foul Ball, location: 2F 2-2: Ball 3-2: Strikes out swinging
|
|
Batting: RHB Brandon Perris
|
0-0: Ball 1-0: Foul Ball, location: 2F 1-1: Ball 2-1: Ball 3-1: SINGLE (Groundball, 56D, EV 108.1 MPH) Frank Olivo to second
|
|
Batting: RHB Joe Evrard
|
0-0: Grounds into double play, 4-6-3 (Groundball, 4, EV 91.9 MPH)
|
| Top of the 5th over - 0 runs, 2 hits, 0 errors, 1 left on base; Pawtucket 1 - Columbus 2 |
| BOTTOM OF THE 5TH |
|
Columbus Clippers batting - Pitching for Pawtucket Red Sox : RHP Justin Swenson
|
|
Batting: RHB Rick O'Reilly
|
0-0: Ground out 4-3 (Groundball, 4MS, EV 81.9 MPH)
|
|
Batting: RHB George Wagner
|
0-0: Ball 1-0: Foul Ball, location: 2F 1-1: Foul Ball, location: 2F 1-2: Ball 2-2: Foul Ball, location: 2F 2-2: Ball 3-2: Foul Ball, location: 2F 3-2: DOUBLE (Flyball, 89D, EV 95.0 MPH)
|
|
Batting: RHB Justin Ganey
|
0-0: Ball 1-0: Swinging Strike 1-1: Ball 2-1: Ground out 1-3 (Groundball, 23, EV 71.9 MPH) George Wagner to third
|
|
Batting: RHB Jason Sher
|
0-0: Foul Ball, location: 2F 0-1: Ball 1-1: Foul Ball, location: 2F 1-2: Foul Ball, location: 2F 1-2: DOUBLE (Line Drive, 9LS, EV 108.1 MPH) George Wagner scores
|
|
Batting: LHB Jesus Lozano
|
0-0: Swinging Strike 0-1: Swinging Strike 0-2: Ball 1-2: Strikes out swinging
|
| Bottom of the 5th over - 1 run, 2 hits, 0 errors, 1 left on base; Pawtucket 1 - Columbus 3 |
| TOP OF THE 6TH |
|
Pawtucket Red Sox batting - Pitching for Columbus Clippers : RHP Roberto Reyes
|
|
Batting: RHB Matt Hinkle
|
0-0: Swinging Strike 0-1: Called Strike 0-2: Ball 1-2: Foul Ball, location: 2F 1-2: Ball 2-2: Ball 3-2: Base on Balls
|
|
Batting: RHB Tony Nunez
|
|
|
Pinch Hitting: SHB Ben Ervin
|
0-0: Ball 1-0: Ball 2-0: Called Strike 2-1: Foul Ball, location: 2F 2-2: Strikes out swinging
|
|
Batting: RHB Dave Burwell
|
0-0: Called Strike Matt Hinkle steals 2nd base 0-1: Ground out 6-3 (Groundball, 6S, EV 63.8 MPH) Matt Hinkle to third
|
|
Batting: LHB David Moore
|
0-0: Ball 1-0: Ball 2-0: Called Strike 2-1: DOUBLE (Line Drive, 78D, EV 106.2 MPH) Matt Hinkle scores
|
|
Batting: RHB Rodolfo Contreras
|
0-0: Ball 1-0: Foul Ball, location: 2F 1-1: Swinging Strike 1-2: Ball 2-2: Foul Ball, location: 2F 2-2: Ball 3-2: Base on Balls
|
|
Pinch Runner at 2nd Zack Guillen:
|
|
|
Batting: LHB Frank Olivo
|
0-0: Called Strike 0-1: Ball 1-1: Swinging Strike 1-2: Ball 2-2: Foul Ball, location: 2F 2-2: Fly out, F7 (Flyball, 7S, EV 85.0 MPH)
|
| Top of the 6th over - 1 run, 1 hit, 0 errors, 2 left on base; Pawtucket 2 - Columbus 3 |
| BOTTOM OF THE 6TH |
|
Columbus Clippers batting - Pitching for Pawtucket Red Sox : RHP Justin Swenson
|
|
Now at 1B: Ben Ervin
|
|
|
Now in LF: Frank Olivo
|
|
|
Batting: RHB Eddie LaRose
|
0-0: Foul Ball, location: 2F 0-1: Swinging Strike 0-2: Foul Ball, location: 2F 0-2: Ball 1-2: Strikes out swinging
|
|
Batting: LHB Zion Davidson
|
0-0: Ball 1-0: Foul Ball, location: 2F 1-1: Ball 2-1: SINGLE (Groundball, 5S, EV 68.1 MPH) (infield hit)
|
|
Batting: RHB Mike Quackenbush
|
0-0: Ball 1-0: Called Strike 1-1: Ball 2-1: Swinging Strike 2-2: DOUBLE (Line Drive, 7LS, EV 101.9 MPH) Zion Davidson to third Runner from 3rd tries for Home, SAFE, no throw by LF
|
|
Batting: RHB Kyle Scruggs
|
0-0: Swinging Strike 0-1: Swinging Strike 0-2: Strikes out swinging
|
|
Batting: RHB Rick O'Reilly
|
0-0: Ball 1-0: Ball 2-0: Ball 3-0: Called Strike 3-1: Ground out 3-1 (Groundball, 34S, EV 90.6 MPH)
|
| Bottom of the 6th over - 1 run, 2 hits, 0 errors, 1 left on base; Pawtucket 2 - Columbus 4 |
| TOP OF THE 7TH |
|
Pawtucket Red Sox batting - Pitching for Columbus Clippers : RHP Roberto Reyes
|
|
Pitching: RHP Eduardo Garcia
|
|
|
Batting: RHB Joe Sandoval
|
0-0: Foul Ball, location: 2F 0-1: Fly out, F5 (Popup, 25F, EV 82.5 MPH)
|
|
Batting: RHB Brandon Perris
|
0-0: Ground out U3 (Groundball, 3D, EV 98.1 MPH)
|
|
Batting: RHB Joe Evrard
|
0-0: Ball 1-0: Foul Ball, location: 2F 1-1: Ground out 6-3 (Groundball, 6M, EV 110.6 MPH)
|
| Top of the 7th over - 0 runs, 0 hits, 0 errors, 0 left on base; Pawtucket 2 - Columbus 4 |
| BOTTOM OF THE 7TH |
|
Columbus Clippers batting - Pitching for Pawtucket Red Sox : RHP Justin Swenson
|
|
Pitching: LHP Ken Intagliata
|
|
|
Batting: RHB George Wagner
|
0-0: SINGLE (Groundball, 25, EV 67.5 MPH) (infield hit)
|
|
Batting: RHB Justin Ganey
|
0-0: Grounds into double play, 4-6-3 (Groundball, 4, EV 97.5 MPH)
|
|
Batting: RHB Jason Sher
|
0-0: Foul Ball, location: 2F 0-1: Foul Ball, location: 2F 0-2: Ball 1-2: Strikes out looking
|
| Bottom of the 7th over - 0 runs, 1 hit, 0 errors, 0 left on base; Pawtucket 2 - Columbus 4 |
| TOP OF THE 8TH |
|
Pawtucket Red Sox batting - Pitching for Columbus Clippers : RHP Eduardo Garcia
|
|
Batting: RHB Matt Hinkle
|
0-0: Ball 1-0: Foul Ball, location: 2F 1-1: Ball 2-1: Foul Ball, location: 2F 2-2: Foul Ball, location: 2F 2-2: SINGLE (Groundball, P, EV 93.1 MPH) (infield hit)
|
|
Batting: SHB Ben Ervin
|
0-0: Foul Ball, location: 2F 0-1: Swinging Strike 0-2: Foul Ball, location: 2F 0-2: Ball 1-2: Foul Ball, location: 2F 1-2: Ball 2-2: Strikes out swinging
|
|
Pinch Hitting: SHB Marvin Lawrence
|
0-0: Called Strike 0-1: Ball 1-1: Swinging Strike 1-2: Ball 2-2: Ball 3-2: Ground out 4-3 (Groundball, 4, EV 88.8 MPH) Matt Hinkle to second
|
|
Pitching: LHP Rene Eenkhoorn
|
|
|
Batting: RHB Carlos Nolasco
|
0-0: Foul Ball, location: 2F 0-1: Foul Ball, location: 2F 0-2: Ground out 6-3 (Groundball, 6, EV 100.0 MPH)
|
| Top of the 8th over - 0 runs, 1 hit, 0 errors, 1 left on base; Pawtucket 2 - Columbus 4 |
| BOTTOM OF THE 8TH |
|
Columbus Clippers batting - Pitching for Pawtucket Red Sox : LHP Ken Intagliata
|
|
Now in RF: Marvin Lawrence
|
|
|
Batting: RHB Chad Thompson
|
0-0: Called Strike 0-1: Called Strike 0-2: Ball 1-2: Ball 2-2: Ball 3-2: Base on Balls
|
|
Batting: RHB Eddie LaRose
|
0-0: Foul Ball, location: 2F 0-1: Ball 1-1: Swinging Strike 1-2: Ball 2-2: Ball Passed Ball! Chad Thompson to second 3-2: Intentional Walk
|
|
Batting: LHB Zion Davidson
|
0-0: Called Strike 0-1: Ball 1-1: Ball 2-1: Fly out, F7 (Line Drive, 78D, EV 110.0 MPH) Runner from 2nd tags up, SAFE at 3rd with throw by LF
|
|
Batting: RHB Mike Quackenbush
|
0-0: Ball 1-0: Called Strike 1-1: Ball 2-1: Called Strike 2-2: Ball 3-2: Base on Balls Eddie LaRose to second
|
|
Batting: RHB Kyle Scruggs
|
0-0: Ball 1-0: Called Strike 1-1: Fly out, F3 (Popup, 3S, EV 79.4 MPH)
|
|
Batting: RHB Rick O'Reilly
|
0-0: Foul Ball, location: 2F 0-1: Called Strike 0-2: Foul Ball, location: 2F 0-2: Foul Ball, location: 2F 0-2: Fly out, F7 (Flyball, 7LS, EV 93.1 MPH)
|
| Bottom of the 8th over - 0 runs, 0 hits, 0 errors, 3 left on base; Pawtucket 2 - Columbus 4 |
| TOP OF THE 9TH |
|
Pawtucket Red Sox batting - Pitching for Columbus Clippers : LHP Rene Eenkhoorn
|
|
Pitching: RHP Nate Souza
|
|
|
Batting: RHB Rodolfo Contreras
|
0-0: Foul Ball, location: 2F 0-1: Ball 1-1: Called Strike 1-2: Ball 2-2: Ground out 5-3 (Groundball, 56S, EV 70.0 MPH)
|
|
Batting: LHB Frank Olivo
|
0-0: DOUBLE (Groundball, 5L, EV 98.8 MPH)
|
|
Batting: RHB Joe Sandoval
|
0-0: Called Strike 0-1: Ball 1-1: Swinging Strike 1-2: Strikes out swinging
|
|
Batting: RHB Brandon Perris
|
0-0: Ball 1-0: Swinging Strike 1-1: Ball 2-1: Foul Ball, location: 2F 2-2: Ball 3-2: Strikes out swinging
|
| Top of the 9th over - 0 runs, 1 hit, 0 errors, 1 left on base; Pawtucket 2 - Columbus 4 |
|